 Seeded DCSS version 0.27-a0-385-g3208abaabc (webtiles) character file.

Game seed: 112358 (custom seed)

51 Snicker the Sneak (level 3, -2/29 HPs)
             Began as a Demonspawn Delver on Feb 18, 2021.
             Slain by an orc
             ... wielding a +0 club
              (5 damage)
             ... on level 4 of the Dungeon.
             The game lasted 00:00:45 (842 turns).

Snicker the Sneak (Demonspawn Delver)                Turns: 842, Time: 00:00:46

Health: -2/29      AC:  3    Str: 12    XL:     3   Next: 58%
Magic:  3/3        EV: 12    Int: 11    God:
Gold:   0          SH:  0    Dex: 15    Spells: 2/2 levels left

rFire    . . .     SeeInvis .   a - +1 dagger (drain)
rCold    . . .     Faith    .   (no shield)
rNeg     . . .     Spirit   .   b - +0 leather armour
rPois    .         Reflect  .   (helmet restricted)
rElec    .         Harm     .   (no cloak)
rCorr    .         Rampage  .   (no gloves)
Will     .....                  (no boots)
Stlth    +++.......             (no amulet)
HPRegen  0.09/turn              (no ring)
MPRegen  0.08/turn              (no ring)

@: no status effects
A: antennae 1, sturdy frame 1
a: no special abilities


You were on level 4 of the Dungeon.
You visited 1 branch of the dungeon, and saw 2 of its levels.

Inventory:

Hand Weapons
 a - a +1 dagger of draining (weapon)
 h - a +0 short sword
Armour
 b - a +0 leather armour (worn)
Wands
 g - a wand of digging (3)
Scrolls
 c - a scroll of fog
 d - a scroll of magic mapping
 e - a scroll of fear
Potions
 f - a potion of haste


   Skills:
 + Level 3.1 Fighting
 * Level 2.0 Short Blades
 + Level 1.8 Dodging
 * Level 5.5 Stealth


You had 2 spell levels left.
You didn't know any spells.
Your spell library was empty.

Dungeon Overview and Level Annotations

Branches:
Dungeon (5/15)
 Temple: D:4-7

Altars:


Innate Abilities, Weirdness & Mutations

You have a pair of small antennae on your head.
Your movements are slightly less encumbered by armour. (ER -2)


Message History

The orc is almost dead.
The orc shouts!
The orc hits you but does no damage. x2
You hit the orc.
The orc is severely wounded.
The orc hits you but does no damage.
You barely miss the orc.
The orc is severely wounded.
The orc hits you with a +0 club. The orc closely misses you.
You hit the orc but do no damage. You drain the orc.
You kill the orc!
The orc hits you with a +0 club. The orc closely misses you.
The orc hits you with a +0 club.
Things that are here:
a +1 dagger of flaming; a +0 leather armour The orc closely misses you.
The orc hits you but does no damage.
You hit the orc but do no damage.
The orc is severely wounded.
The orc hits you with a +0 flail. The orc barely misses you.
You hit the orc but do no damage.
The orc is severely wounded.
The orc barely misses you.
You hit the orc. You drain the orc.
You kill the orc!
The orc closely misses you. The orc hits you with a +0 club.
You see here a +0 flail.
The orc hits you with a +0 club.
* * * LOW HITPOINT WARNING * * *
Things that are here:
a +1 dagger of flaming; a +0 leather armour The orc barely misses you.
You closely miss the orc.
The orc is severely wounded.
The orc hits you with a +0 club.
* * * LOW HITPOINT WARNING * * *
You barely miss the orc.
The orc is severely wounded.
The orc hits you with a +0 club.
You die...

.#.####.##.#.# . .#.##
#.##.#.# ##.
....###.##.#.# #..
.....##.##.#.# #.#
......#.#....# #.# ##
.............# #.# ..
......###...####.####.#
.....## ##.......))...#
#...## #######@o.####
##.## #.###.# #.# #.#
#.# #.# #. ... # ###


You could see an orc (drained).

Vanquished Creatures
  A worker ant (D:4)
  A howler monkey skeleton (D:4)
  An adder (D:4)
  2 orcs (D:4)
  2 quokkas
  A quokka skeleton (D:4)
8 creatures vanquished.

Notes
Turn   | Place    | Note
-------+----------+-------------------------------------------
     0 | D:5      | Snicker the Demonspawn Delver began the quest for the Orb.
     0 | D:5      | Reached XP level 1. HP: 18/18 MP: 1/1
    24 | D:5      | Noticed a scorpion
    45 | D:4      | Gained mutation: Your movements are slightly less
                  | encumbered by armour. (ER -2) [demonic ancestry]
    45 | D:4      | Reached XP level 2. HP: 7/24 MP: 2/2
   257 | D:4      | Reached skill level 5 in Stealth
   526 | D:4      | Gained mutation: You have a pair of small antennae on your
                  | head. [demonic ancestry]
   526 | D:4      | Reached XP level 3. HP: 17/29 MP: 3/3
   842 | D:4      | Slain by an orc

Illustrated notes

Levels and vault maps discovered:
D:4:      layout_loops_ring, lemuel_doored_altar, temple_statues
D:5:      layout_loops_ring

Skill      XL: |  1  2 |
---------------+-------+-----
Stealth        | 5 |  5.5
Short Blades   | 2 |  2.0
Fighting       | |  3.1
Dodging        | |  1.8

Action                   || total
-------------------------++-------
Melee: Dagger            ||    49
Armor: Leather armour    ||    12
Dodge: Dodged            ||    20

Table legend: (Time is in decaauts)
 A = Elapsed time spent in this place.
 B = Non-inter-level travel time spent in this place.
 C = Inter-level travel time spent in this place.
 D = Time resting spent in this place.
 E = Time spent auto-exploring this place.
 F = Levels seen in this place.
 G = Mean time per level.
                   A        B        C        D        E       F      G
               +--------+--------+--------+--------+--------+-----+--------+
         Total |    836 |    836 |      0 |    664 |     75 |   2 |  418.0 |
       Dungeon |    836 |    836 |      0 |    664 |     75 |   2 |  418.0 |
               +--------+--------+--------+--------+--------+-----+--------+

Top non-repeatable levels by time:
     D:4: 803 daAuts
     D:5: 33 daAuts
